 Dungeon Crawl Stone Soup version 0.31-a0-115-g4708a659fe (webtiles) character file.

Game seed: 4752083550358661133

217 Kenran the Slasher (level 5, 0/41 HPs)
             Began as a Demigod Gladiator on May 29, 2023.
             Slain by an orc
             ... wielding a +0 trident
              (3 damage)
             ... on level 3 of the Dungeon.
             The game lasted 00:04:32 (2647 turns).

Kenran the Slasher (Demigod Gladiator)              Turns: 2647, Time: 00:04:32

Health: 0/41       AC:  7    Str: 15    XL:     5   Next: 35%
Magic:  7/7        EV: 11    Int: 10    God:
Gold:   203        SH:  0    Dex: 19    Spells: 4/4 levels left

rFire   . . .        a - +0 long sword
rCold   . . .        (no shield)
rNeg    . . .        o - +1 ring mail {rPois}
rPois   +            b - +0 helmet
rElec   .            (no cloak)
rCorr   .            (no gloves)
SInv    .            (no boots)
Will    .....        (no amulet)
Stlth   +            (no ring)
HPRegen 0.26/turn    (no ring)
MPRegen 0.10/turn

%: no passive effects
@: mighty
A: high MP 1, forlorn, divine attributes
a: no special abilities


You were on level 3 of the Dungeon.
You visited 1 branch of the dungeon, and saw 3 of its levels.

You collected 203 gold pieces.

Inventory:

Hand Weapons
 a - a +0 long sword (weapon)
Missiles
 d - 4 throwing nets (quivered)
 e - a javelin
 f - 5 poisoned darts
Armour
 b - a +0 helmet (worn)
 o - a +1 ring mail of poison resistance (worn)
Scrolls
 c - a scroll of vulnerability {!r}
 j - a scroll of immolation {!r}
 k - a scroll of magic mapping
 n - a scroll of fear {unknown}
 p - a scroll of identify {@r1}
Potions
 g - a potion of resistance {unknown}
 h - a potion of might
 i - a potion of attraction {unknown}
 l - 2 potions of lignification {unknown}
 m - a potion of curing {unknown}


   Skills:
 - Level 1.7 Fighting
 + Level 5.8 Long Blades
 - Level 1.7 Throwing
 - Level 2.6 Dodging


You had 4 spell levels left.
You didn't know any spells.
Your spell library contained the following spells:

 Spells                   Type           Power      Damage    Failure   Level
 Poisonous Vapours        Pois/Air       0%         N/A       75%         2
 Gell's Gravitas          Tloc           0%         N/A       92%         3
 Mephitic Cloud           Conj/Pois/Air  0%         N/A       92%         3
 Teleport Other           Tloc           0%         N/A       92%         3
 Freezing Cloud           Conj/Ice/Air   0%         6-21      100%        5
 Dispersal                Tloc           0%         N/A       100%        6


Dungeon Overview and Level Annotations

Branches:
Dungeon (3/15)

Shops:
D:1 *


Innate Abilities, Weirdness & Mutations

You have an increased reservoir of magic. (+10% MP)
You shall have no god before yourself.
Your divine heritage dramatically boosts your attributes as you level up.


Message History

The orc wizard hits you but does no damage.
The orc closely misses you.
You miss the orc wizard.
The orc wizard is lightly wounded.
The orc wizard closely misses you. The orc closely misses you.
The orc misses you.
The orc wizard hits you but does no damage.
You bump into the rock wall.
You feel less confused. The orc wizard barely misses you.
The orc hits you but does no damage.
It was a potion of might.
You feel very mighty all of a sudden. The orc wizard closely misses you.
The orc hits you from afar with a +0 trident.
You closely miss the orc wizard.
The orc wizard is lightly wounded.
The orc hits you but does no damage.
The orc wizard hits you but does no damage.
You closely miss the orc wizard. You punch the orc wizard.
The orc wizard is heavily wounded.
The orc wizard hits you but does no damage.
The orc hits you but does no damage.
You closely miss the orc wizard.
The orc wizard is heavily wounded.
The orc wizard casts a spell at you. The puff of flame misses you.
The orc hits you from afar with a +0 trident.
* * * LOW HITPOINT WARNING * * *
You hit the orc wizard.
The orc wizard is almost dead.
The orc wizard points at you and mumbles some strange words.
The puff of flame hits you.
* * * LOW HITPOINT WARNING * * *
The orc closely misses you.
You closely miss the orc wizard.
The orc wizard is almost dead.
The orc wizard hits you with a +0 dagger.
* * * LOW HITPOINT WARNING * * *
The orc hits you from afar with a +0 trident.
You die...

#.# . #.###. #.# ##.
#. #.# # #. #.# ###
#.# ##.##
#.####.#.##
#.....###.#
######.#.#########.#
#.....@ooo...#
##############


You could see an orc wizard and 2 orcs.

Vanquished Creatures
  3 orc wizards (D:3)
  4 adders
  A worm (D:3)
  2 dart slugs (D:1)
  13 orcs (D:3)
  11 endoplasms
  5 giant cockroaches
  5 hobgoblins (D:2)
  4 jackals (D:1)
  2 quokkas (D:2)
  6 ball pythons
  4 bats
  9 goblins
  8 kobolds
  10 rats
87 creatures vanquished.

Notes
Turn   | Place    | Note
-------+----------+-------------------------------------------
     0 | D:1      | Kenran the Demigod Gladiator began the quest for the Orb.
     0 | D:1      | Reached XP level 1. HP: 17/17 MP: 3/3
    89 | D:1      | Reached skill level 3 in Long Blades
   206 | D:1      | Reached XP level 2. HP: 17/24 MP: 4/4
   438 | D:1      | Found Zaluan's Assorted Antiques.
   668 | D:1      | Reached XP level 3. HP: 28/29 MP: 5/5
   673 | D:1      | Reached skill level 4 in Long Blades
  1443 | D:2      | Reached XP level 4. HP: 34/36 MP: 6/6
  1941 | D:3      | Reached skill level 5 in Long Blades
  2454 | D:3      | Reached XP level 5. HP: 41/41 MP: 7/7
  2647 | D:3      | Slain by an orc

Illustrated notes

Levels and vault maps discovered:
D:1:      lightli_arrival_chessboard, layout_basic, serial_shops,
          nicolae_shop_tiny_glass
D:2:      minmay_skewed_foursquare, layout_basic
D:3:      layout_loops_corners, mainiacjoe_overflow_alcove_1,
          mainiacjoe_overflow_alcove_2, serial_shops, shop

Skill      XL: |  1  2  3  4 |
---------------+-------------+-----
Long Blades    | 3 4 5 |  5.8
Fighting       | |  1.7
Throwing       | |  1.7
Dodging        | |  2.6

Action                     |  1- 3 |  4- 6 || total
---------------------------+-------+-------++-------
  Melee: Long sword        |   146 |   107 ||   253
         Punch             |     2 |     2 ||     4
    Use: Scroll            |       |     3 ||     3
         Potion            |       |     1 ||     1
   Stab: Sleeping          |     1 |       ||     1
 Armour: Leather armour    |    50 |    24 ||    74
         Ring mail         |       |    12 ||    12
  Dodge: Dodged            |    94 |    68 ||   162

Table legend: (Time is in decaauts)
 A = Elapsed time spent in this place.
 B = Non-inter-level travel time spent in this place.
 C = Inter-level travel time spent in this place.
 D = Time resting spent in this place.
 E = Time spent auto-exploring this place.
 F = Levels seen in this place.
 G = Mean time per level.
                   A        B        C        D        E       F      G
               +--------+--------+--------+--------+--------+-----+--------+
         Total |   2692 |   2604 |     88 |    243 |   1595 |   3 |  897.3 |
       Dungeon |   2692 |   2604 |     88 |    243 |   1595 |   3 |  897.3 |
               +--------+--------+--------+--------+--------+-----+--------+

Top non-repeatable levels by time:
     D:2: 991 daAuts
     D:1: 967 daAuts
     D:3: 734 daAuts
